 Dungeon Crawl Stone Soup version 0.19.0 (webtiles) character file.

30760 Magifyre the Brawler (level 13, -33/110 HPs)
             Began as a Troll Fighter on Nov 6, 2016.
             Was a High Priest of the Shining One.
             Annihilated by a hill giant
             ... wielding a +0 giant spiked club
              (43 damage)
             ... on level 15 of the Dungeon.
             The game lasted 00:43:53 (14032 turns).

Magifyre the Brawler (Troll Fighter)               Turns: 14032, Time: 00:43:53

Health: -33/110    AC:  7    Str: 27    XL:     13   Next: 22%
Magic:  0/12       EV:  8    Int:  4    God:    the Shining One [*****.]
Gold:   975        SH:  9    Dex: 13    Spells: 0 memorised, 12 levels left

rFire  . . .     SeeInvis .       - Unarmed
rCold  + . .     Gourm    +     a - +0 robe
rNeg   + + .     Faith    .     b - +0 shield
rPois  .         Spirit   +     (helmet restricted)
rElec  .         Reflect  .     I - +1 cloak {+Inv}
rCorr  +         Harm     .     (gloves unavailable)
MR     .....                    (boots unavailable)
Stlth  +.........               M - amulet of guardian spirit
                                E - ring of protection from cold
                                j - ring of resist corrosion

@: glowing
A: unfitting armour, claws 3, fast metabolism 3, gourmand, mutation resistance
1, regeneration 1, shaggy fur 1, tough skin 2
a: Divine Shield, Cleansing Flame, Summon Divine Warrior, Renounce Religion,
Evoke Invisibility


You were on level 15 of the Dungeon.
You worshipped the Shining One.
The Shining One was extremely pleased with you.
You were very full.

You visited 1 branch of the dungeon, and saw 15 of its levels.

You collected 975 gold pieces.

Inventory:

Missiles
 p - 16 tomahawks
 C - 6 steel tomahawks
 F - 2 tomahawks of returning
 V - 3 large rocks (quivered)
Armour
 a - a +0 robe (worn)
 b - a +0 shield (worn)
 I - a +1 cloak of invisibility (worn)
Jewellery
 j - a ring of resist corrosion (left claw)
 E - a ring of protection from cold (right claw)
 M - an amulet of guardian spirit (around neck)
 U - an uncursed ring of protection from cold
Wands
 B - a wand of acid (4/15)
 Q - a wand of slowing (31/48)
Scrolls
 e - 7 scrolls of identify
 g - 4 scrolls of remove curse
 h - 4 scrolls of fog {unknown}
 m - a scroll of enchant armour {unknown}
 n - 5 scrolls of teleportation
 q - 3 scrolls of magic mapping
 v - 2 scrolls of enchant weapon {unknown}
 w - a scroll of random uselessness {unknown}
 x - 3 scrolls of recharging {unknown}
 y - a scroll of torment {unknown}
 z - 2 scrolls of vulnerability {unknown}
 D - 3 scrolls of fear {unknown}
 S - 2 scrolls of immolation {unknown}
 W - 2 scrolls of brand weapon {unknown}
Potions
 c - 3 potions of might
 o - a potion of agility
 t - a potion of heal wounds
 A - 4 potions of flight
 J - 2 potions of curing
 L - 3 potions of cancellation
 O - a potion of cure mutation
 P - a potion of resistance
 T - a potion of lignification
 X - a potion of berserk rage
Comestibles
 d - 8 bread rations
 f - 12 royal jellies
 l - 5 meat rations
 s - 9 fruits
 u - 12 beef jerkies
 K - 3 slices of pizza


   Skills:
 - Level 2.4 Fighting
 - Level 2.4 Dodging
 - Level 2.4 Shields
 + Level 20.6 Unarmed Combat


You had 12 spell levels left.
You didn't know any spells.

Dungeon Overview and Level Annotations

Branches:
Dungeon (15/15)            Temple (0/1) D:7            Lair (0/6) D:9
    Orc (0/2) D:9          Vaults (0/5) D:13
 Depths: D:15

Altars:
Fedhas
Gozag
Makhleb
Qazlal
Ru
Sif Muna
The Shining One
Beogh


Innate Abilities, Weirdness & Mutations

You are too large for most types of armour.
You have claws for hands.
Your metabolism is lightning-fast.
You like to eat raw meat.
Your natural rate of healing is unusually fast.
You are covered in fur. (AC +1)
You have very tough skin. (AC +2)
You are somewhat resistant to further mutation.


Message History

* * * LOW HITPOINT WARNING * * *
The ten-headed hydra closely misses you.
The ten-headed hydra bites you!
* * * LOW HITPOINT WARNING * * *
You block the ten-headed hydra's attack.
You are too injured to fight recklessly!
Unknown command.
You are too injured to fight recklessly!
You are too injured to fight recklessly!
Unknown command.
You are too injured to fight recklessly!
Unknown command.
You are too injured to fight recklessly!
You rip one of the ten-headed hydra's heads off!
The nine-headed hydra grows two more!
You eviscerate the 11-headed hydra!!!
You kill the 11-headed hydra!
Unknown command.
You are too injured to fight recklessly!
The hill giant hits you with a giant spiked club!!!
You die...

#... .... ...
.... ## #.# ..#
##.##.##..#####
#..............
#......(.......
#.......C......
#$..<..@....?..
##...###...##..
##### ...#
....# .?..#
....# ....#
#..##


You could see a hill giant.

Vanquished Creatures
  Snorg (D:11)
  2 hydras
  A vault guard (D:13)
  Harold (D:11)
  3 centaur warriors
  The ghost of Raine357 the Cleaver, a novice HOMo (D:10)
  3 unseen horrors
  A hill giant (D:13)
  Pikel (D:4)
  7 ugly things
  A cyclops (D:11)
  A manticore (D:14)
  3 centaur zombies
  4 kobold demonologists
  A tengu conjurer (D:13)
  5 trolls
  3 meliai (D:13)
  3 hornets (D:9)
  Grinder (D:4)
  3 hippogriffs
  Sigmund (D:3)
  2 wyverns
  A tarantella (shapeshifter) (D:13)
  19 yaks
  3 vampire mosquitoes
  3 hungry ghosts
  A soldier ant (D:9)
  3 water moccasins
  Duvessa (D:6)
  5 sky beasts
  2 black bears
  8 orc warriors
  7 ogres
  7 ice beasts
  2 necrophages
  5 phantoms
  4 slaves (D:4)
  16 centaurs
  A crocodile (D:9)
  3 big kobolds
  Dowan (D:6)
  8 bullfrogs
  A hornet simulacrum (D:11)
  5 scorpions
  6 wights (D:9)
  2 howler monkeys (D:6)
  13 crimson imps
  A bullfrog zombie (D:11)
  8 hounds
  9 orc priests
  4 jellies
  19 orc wizards
  Crazy Yiuf (D:6)
  5 centaur skeletons
  Jessica (D:2)
  4 iguanas
  17 worker ants
  4 hound skeletons
  A mummy (D:8)
  2 worker ant zombies
  Robin (D:3)
  6 gnolls
  15 adders
  4 river rats (D:9)
  4 shadow imps
  An adder zombie (D:9)
  An adder skeleton (D:8)
  7 worms
  2 dart slugs (D:2)
  6 leopard geckos
  82 orcs
  10 bats
  4 giant cockroaches
  8 goblins
  9 hobgoblins
  13 jackals
  5 quokkas
  2 ball pythons (D:4)
  4 frilled lizards
  A giant cockroach zombie (D:3)
  A jackal zombie (D:6)
  25 kobolds
  A leopard gecko skeleton (D:4)
  20 rats
484 creatures vanquished.

Vanquished Creatures (others)
  5 fungi (D:9)
  A plant (D:9)
6 creatures vanquished.

Grand Total: 490 creatures vanquished

Notes
Turn   | Place    | Note
-------+----------+-------------------------------------------
     0 | D:1      | Magifyre the Troll Fighter began the quest for the Orb.
     0 | D:1      | Reached XP level 1. HP: 22/22 MP: 0/0
   360 | D:1      | Reached XP level 2. HP: 29/29 MP: 1/1
   668 | D:1      | Reached skill level 3 in Unarmed Combat
   887 | D:2      | Reached XP level 3. HP: 31/36 MP: 2/2
   973 | D:2      | Found a sacrificial altar of Ru.
  1181 | D:2      | Reached skill level 4 in Unarmed Combat
  1209 | D:2      | Noticed Jessica
  1210 | D:2      | Killed Jessica
  1210 | D:2      | Reached XP level 4. HP: 44/44 MP: 3/3
  1672 | D:3      | Noticed Robin
  1680 | D:3      | Killed Robin
  1680 | D:3      | Reached skill level 5 in Unarmed Combat
  1798 | D:3      | Reached XP level 5. HP: 44/50 MP: 4/4
  2010 | D:3      | HP: 1/50 [orc/trident (4)]
  2152 | D:3      | Reached skill level 6 in Unarmed Combat
  2443 | D:3      | Noticed Sigmund
  2452 | D:3      | Killed Sigmund
  2452 | D:3      | Reached skill level 7 in Unarmed Combat
  2452 | D:3      | Reached XP level 6. HP: 58/59 MP: 5/5
  2853 | D:3      | Reached XP level 7. HP: 53/66 MP: 6/6
  2918 | D:4      | Noticed Pikel
  2934 | D:3      | Reached skill level 8 in Unarmed Combat
  3101 | D:4      | Killed Pikel
  3101 | D:4      | Reached skill level 9 in Unarmed Combat
  3101 | D:4      | Reached XP level 8. HP: 70/74 MP: 7/7
  3261 | D:4      | Reached skill level 10 in Unarmed Combat
  3383 | D:4      | Noticed Grinder
  3420 | D:4      | Killed Grinder
  3598 | D:4      | Found a glowing golden altar of the Shining One.
  3598 | D:4      | Found a burning altar of Makhleb.
  3599 | D:4      | Found a stormy altar of Qazlal.
  3605 | D:4      | Became a worshipper of the Shining One
  3635 | D:5      | Entered Level 5 of the Dungeon
  3734 | D:5      | Reached skill level 11 in Unarmed Combat
  4106 | D:5      | Reached XP level 9. HP: 67/80 MP: 8/8
  4268 | D:5      | Reached * piety under the Shining One
  4406 | D:6      | Noticed Duvessa
  4408 | D:6      | Noticed Dowan
  4445 | D:6      | Killed Duvessa
  4445 | D:6      | Reached skill level 12 in Unarmed Combat
  4450 | D:6      | Killed Dowan
  4470 | D:6      | Found a deep blue altar of Sif Muna.
  4582 | D:6      | Noticed a green ugly thing
  4608 | D:6      | Killed a green ugly thing
  4688 | D:6      | Reached skill level 13 in Unarmed Combat
  4815 | D:6      | Got an encrusted rapier
  4816 | D:6      | Identified the cursed +1 rapier of the Wasp {vamp, Str+2 Dex+5} (You found it on level 6 of the Dungeon)
  4982 | D:6      | Found a runed door.
  5243 | D:6      | Noticed Crazy Yiuf
  5245 | D:6      | Killed Crazy Yiuf
  5980 | D:7      | Reached XP level 10. HP: 88/88 MP: 9/9
  6012 | D:7      | Reached skill level 14 in Unarmed Combat
  6092 | D:7      | Found a staircase to the Ecumenical Temple.
  6656 | D:8      | Reached skill level 15 in Unarmed Combat
  6672 | D:8      | Reached ** piety under the Shining One
  6790 | D:8      | Found a sand-covered staircase.
  7310 | D:9      | Found a staircase to the Lair.
  7419 | D:9      | Reached *** piety under the Shining One
  7459 | D:9      | Found a roughly hewn altar of Beogh.
  7500 | D:9      | Found a staircase to the Orcish Mines.
  7570 | D:9      | Paralysed by a hornet for 3 turns
  7715 | D:9      | Found an opulent altar of Gozag.
  7780 | D:9      | Paralysed by a hornet for 2 turns
  7799 | D:9      | HP: 4/88 [poisoned by a hornet]
  7805 | D:9      | HP: 3/88 [poisoned by a hornet]
  7811 | D:9      | HP: 4/88 [poisoned by a hornet]
  7963 | D:9      | Paralysed by a hornet for 1 turns
  8173 | D:10     | Entered Level 10 of the Dungeon
  8194 | D:10     | Reached skill level 16 in Unarmed Combat
  8213 | D:10     | Reached XP level 11. HP: 94/94 MP: 10/10
  8450 | D:10     | Noticed Raine357's ghost (novice HOMo)
  8469 | D:10     | Killed Raine357's ghost
  8682 | D:10     | Noticed an unseen horror
  8706 | D:10     | Killed an unseen horror
  9028 | D:10     | Reached **** piety under the Shining One
  9077 | D:11     | Reached skill level 17 in Unarmed Combat
  9202 | D:11     | Noticed Harold
  9217 | D:11     | Killed Harold
  9495 | D:11     | Noticed a green ugly thing
  9508 | D:11     | Killed a green ugly thing
 10136 | D:12     | Noticed Snorg
 10332 | D:12     | Reached skill level 18 in Unarmed Combat
 10341 | D:12     | Found a blossoming altar of Fedhas.
 10489 | D:12     | Gained mutation: You are somewhat resistant to further mutation. [potion of beneficial mutation]
 10597 | D:12     | Reached ***** piety under the Shining One
 10687 | D:12     | Reached XP level 12. HP: 92/104 MP: 8/11
 11128 | D:11     | Killed Snorg
 11394 | D:13     | Noticed a centaur warrior
 11408 | D:13     | Killed a centaur warrior
 11560 | D:13     | Reached skill level 19 in Unarmed Combat
 11928 | D:13     | Noticed a tengu warrior
 12353 | D:14     | Noticed a seven-headed hydra
 12735 | D:13     | Found a gate to the Vaults.
 12735 | D:13     | Noticed a vault guard
 12905 | D:13     | Killed a vault guard
 12905 | D:13     | Reached skill level 20 in Unarmed Combat
 13104 | D:14     | Reached XP level 13. HP: 110/110 MP: 12/12
 13515 | D:14     | Found a sacrificial altar of Ru.
 13811 | D:15     | Entered Level 15 of the Dungeon
 14032 | D:15     | Annihilated by a hill giant

Skill      XL: |  1  2  3  4  5  6  7  8  9 10 11 12 |
---------------+-------------------------------------+-----
Unarmed Combat | 3 4 5 7 9 11 13 16 18 20 | 20.6
Fighting       | |  2.4
Dodging        | |  2.4
Shields        | |  2.4

Action                   |  1- 3 |  4- 6 |  7- 9 | 10-12 | 13-15 || total
-------------------------+-------+-------+-------+-------+-------++-------
Melee: Unarmed           |    88 |   196 |   329 |   688 |    45 ||  1346
Throw: Large rock        |       |       |       |     1 |       ||     1
Invok: Divine Shield     |       |       |       |     4 |       ||     4
Evoke: Box of beasts     |       |       |       |     1 |       ||     1
       Wand              |       |       |       |       |     4 ||     4
  Use: Scroll            |       |       |     6 |    12 |       ||    18
       Potion            |       |       |       |     4 |       ||     4
  Eat: Chunk             |    17 |    15 |    33 |    69 |     8 ||   142
       Fruit             |       |       |       |     2 |       ||     2
Armor: Robe              |    27 |    44 |    49 |   150 |     6 ||   276
Dodge: Dodged            |    21 |    66 |    71 |   167 |    19 ||   344
Block: Shield            |    24 |    90 |    98 |   222 |    32 ||   466
